 Dungeon Crawl Stone Soup version 0.29.1-1-gd02db6906a (webtiles) character file.

Game seed: 3665227134835778399

991 Gabide the Magician (level 7, -4/48 HPs)
             Began as a Mummy Necromancer on Sept 26, 2022.
             Engulfed by a steam dragon's steam (12 damage)
             ... on level 8 of the Dungeon on Sept 27, 2022.
             The game lasted 00:13:58 (4951 turns).

Gabide the Magician (Mummy Necromancer)             Turns: 4951, Time: 00:13:59

Health: -4/48      AC:  6    Str: 12    XL:     7   Next: 98%
Magic:  11/18      EV: 30    Int: 16    God:
Gold:   280        SH:  0    Dex: 12    Spells: 13/21 levels left

rFire   x . .      SeeInvis .   a - +5 trident (vorpal)
rCold   + + .      Faith    .   (no shield)
rNeg    + + +      Spirit   .   o - +1 leather armour {rC+}
rPois   ∞          Reflect  .   l - +1 helmet
rElec   .          Harm     .   q - +0 cloak
rCorr   .          Rampage  .   r - +1 pair of gloves
Will    +....                   i - +0 pair of boots
Stlth   ++........              c - amulet of the acrobat
HPRegen 0.16/turn               b - +4 ring of evasion
MPRegen 0.16/turn               f - ring of willpower

@: corroded, acrobatic
A: cold resistance 1, negative energy resistance 3, torment resistance 2, heat
vulnerability 1, in touch with death 1, no potions
a: no special abilities


You were on level 8 of the Dungeon.
You visited 1 branch of the dungeon, and saw 6 of its levels.

You collected 280 gold pieces.

Inventory:

Hand Weapons
 a - a +5 vorpal trident (weapon)
 n - a +0 dagger of pain
Armour
 i - a +0 pair of boots (worn)
 l - a +1 helmet (worn)
 o - a +1 leather armour of cold resistance (worn)
 q - a +0 cloak (worn)
 r - a +1 pair of gloves (worn)
Jewellery
 b - a +4 ring of evasion (left hand)
 c - an amulet of the acrobat (around neck)
 f - a ring of willpower (right hand)
 s - a ring of resist corrosion
 t - a +4 ring of evasion
Wands
 k - a wand of polymorph (4)
Scrolls
 d - a scroll of vulnerability
 e - 2 scrolls of fog
 g - a scroll of noise
 h - a scroll of teleportation
 j - a scroll of immolation {unknown}
 m - a scroll of poison {unknown}
 p - a scroll of blinking {unknown}
 u - a scroll of fear {unknown}


   Skills:
 + Level 1.1 Fighting
 + Level 2.0 Polearms
 + Level 1.5 Armour
 + Level 2.1 Dodging
 + Level 2.0 Stealth
 + Level 0.1 Unarmed Combat
 + Level 7.5 Spellcasting
 + Level 6.6 Necromancy


You had 13 spell levels left.
You knew the following spells:

 Your Spells              Type           Power      Damage    Failure   Level
a - Necrotise             Necr           100%       1d9       1%          1
b - Vampiric Draining     Necr           40%        2d8       3%          3
c - Dispel Undead         Necr           40%        3d16      10%         4

Your spell library contained the following spells:

 Spells                   Type           Power      Damage    Failure   Level
 Animate Dead             Necr           40%        N/A       10%         4
 Static Discharge         Conj/Air       6%         3-4/arc   22%         2
 Agony                    Necr           40%        N/A       26%         5
 Anguish                  Hex/Necr       12%        N/A       36%         4
 Frozen Ramparts          Ice            12%        1d2       41%         3
 Sticky Flame             Conj/Fire      6%         2d3       83%         4
 Summon Ice Beast         Ice/Summ       6%         N/A       83%         4
 Enfeeble                 Hex            3%         N/A       100%        7
 Ice Form                 Ice/Tmut       Unusable   N/A       N/A         4

Dungeon Overview and Level Annotations

Branches:
Dungeon (5/15)
 Temple: D:4-7

Altars:
Qazlal
Vehumet
Wu Jian

Annotations:
D:4 2 runed translucent doors


Innate Abilities, Weirdness & Mutations

You are immune to poison.
Your flesh is cold resistant. (rC+)
You are immune to negative energy. (rN+++)
You are immune to unholy pain and torment.
You are vulnerable to heat. (rF-)
You are in touch with the powers of death.
You do not drink.


Message History

You feel a surge of power!
You draw life force from the acid dragon!
You feel life coursing into your body. The acid dragon spits acid at you.
The splash of acid hits you! The acid corrodes you!
Casting: Vampiric Draining (dangerous; 3% risk of failure)
Confirm with . or Enter, or press ? or * to list all spells.
Aiming: Necrotise (safe; 1% risk of failure)
Press: ? - help, Shift-Dir - straight line, f/p - acid dragon
Aim: an acid dragon (severely wounded, catching its breath, chance to affect: 83%)
You feel a surge of power!
The acid dragon writhes in agony.
The acid dragon misses you. The acid dragon claws you.
Casting: Necrotise (safe; 1% risk of failure)
Confirm with . or Enter, or press ? or * to list all spells.
Aiming: Necrotise (safe; 1% risk of failure)
Press: ? - help, Shift-Dir - straight line, f/p - acid dragon
Aim: an acid dragon (almost dead, catching its breath, chance to affect: 83%)
You feel a surge of power!
The acid dragon writhes in agony!
You kill the acid dragon!
The dead are flying!
Your Polearms skill increases to level 2!
What are your orders? t - Shout!
Orders for allies: a - Attack new target. r - Retreat! s - Stop attacking. g - Guard the area. f - Follow me.
Anything else - Cancel.
Gang up on whom?
Press: ? - help, Dir - move target, f - steam dragon
Aim: a steam dragon (ally target) Attack!
The steam dragon bites you! The steam dragon claws you.
Unknown command.
The steam dragon attacks as you move away!
The steam dragon bites you!
* * * LOW HITPOINT WARNING * * *
The steam dragon barely misses you. The steam dragon breathes steam at you.
The ball of steam misses you.
You are engulfed in a cloud of scalding steam.
You die...

#...# ###.# #.# ##
#####.# .# #...#.###.#
###.#.....# #.......#
# #.####.#######.#
###)..#.§§@§§DZ..#
#.....##########.?....
#.....# .~≈≈. #.....#
~≈~. #.....# ≈~$
+.....# ~. #....## .
#....# #....#


There were no monsters in sight!

Vanquished Creatures
  Maurice (D:8)
  An acid dragon (D:8)
  2 lemures (D:8)
  2 scorpions
  2 hounds (D:4)
  Crazy Yiuf (D:3)
  An orc priest (D:3)
  Terence (D:3)
  An iguana (D:3)
  2 orc wizards (D:4)
  Robin (D:1)
  2 adders
  7 gnolls
  2 dart slugs
  9 orcs
  4 ball pythons
  6 bats
  7 endoplasms
  6 giant cockroaches
  14 goblins
  8 hobgoblins
  11 jackals
  6 kobolds
  3 quokkas
  A frilled lizard (D:2)
  4 rats
105 creatures vanquished.

Vanquished Creatures (collateral kills)
  A goblin (D:2)
  A jackal (D:1)
  A quokka (D:3)
  A ball python (D:3)
4 creatures vanquished.

Grand Total: 109 creatures vanquished

Notes
Turn   | Place    | Note
-------+----------+-------------------------------------------
     0 | D:1      | Gabide the Mummy Necromancer began the quest for the Orb.
     0 | D:1      | Reached XP level 1. HP: 13/13 MP: 4/4
    55 | D:1      | Found a faded altar of an unknown god.
   216 | D:1      | Reached XP level 2. HP: 19/19 MP: 1/5
   604 | D:1      | Reached skill level 3 in Spellcasting
  1197 | D:1      | Gained mutation: You are in touch with the powers of death.
                  | [Mummy growth]
  1197 | D:1      | Reached XP level 3. HP: 24/24 MP: 5/7
  1835 | D:2      | Noticed Robin
  2109 | D:1      | Killed Robin
  2193 | D:2      | Reached XP level 4. HP: 30/30 MP: 5/9
  2194 | D:2      | Reached skill level 4 in Spellcasting
  2200 | D:2      | Learned a level 3 spell: Vampiric Draining
  2606 | D:2      | Found a stormy altar of Qazlal.
  2716 | D:3      | Noticed a scorpion
  2729 | D:3      | Killed a scorpion
  2730 | D:3      | Reached skill level 5 in Necromancy
  2730 | D:3      | Reached XP level 5. HP: 32/36 MP: 0/12
  2848 | D:3      | Reached skill level 5 in Spellcasting
  3156 | D:3      | Found a radiant altar of Vehumet.
  3351 | D:3      | Noticed Terence
  3357 | D:3      | Killed Terence
  3358 | D:3      | Reached XP level 6. HP: 42/42 MP: 7/14
  3549 | D:3      | Found a runed translucent door.
  3550 | D:3      | Noticed Crazy Yiuf
  3563 | D:3      | Killed Crazy Yiuf
  3564 | D:3      | Reached skill level 6 in Spellcasting
  4017 | D:4      | Found an ornate altar of the Wu Jian Council.
  4173 | D:4      | Learned a level 4 spell: Dispel Undead
  4246 | D:4      | Reached skill level 1 in Polearms
  4246 | D:4      | Reached XP level 7. HP: 40/47 MP: 3/17
  4441 | D:4      | Found a large runed translucent door.
  4442 | D:4      | Found a large runed translucent door.
  4639 | D:5      | Entered Level 5 of the Dungeon
  4639 | D:5      | You fall into a shaft and drop 3 floors!
  4797 | D:8      | Noticed Maurice
  4811 | D:8      | Killed Maurice
  4812 | D:8      | Reached skill level 1 in Fighting
  4812 | D:8      | Reached skill level 1 in Armour
  4812 | D:8      | Reached skill level 7 in Spellcasting
  4943 | D:8      | Noticed a steam dragon
  4951 | D:8      | Engulfed by a steam dragon's steam

Illustrated notes

Levels and vault maps discovered:
D:1:      onia_arrival_pyramid, layout_loops_corners,
          shapermc_ecumenical_altar_starsandcircs
D:2:      layout_rooms, basic_altar, uniq_robin
D:3:      layout_rooms, mainiacjoe_overflow_surrounded_room,
          uniq_crazy_yiuf_cottage, uniq_terence
D:4:      layout_rooms, nicolae_wu_jian_glorious_leap, jmf_multi_god_temple2,
          lemuel_tele_altar, cheibrodos_gnoll_hut
D:5:      kennysheep_windowed_halls, layout_loops_ring
D:8:      layout_basic, uniq_maurice, uniq_pikel, uniq_grum

Skill      XL: |  1  2  3  4  5  6  7 |
---------------+----------------------+-----
Spellcasting   | 3 4 5 6 7 |  7.5
Necromancy     | 5 6 |  6.6
Polearms       | 1 2 |  2.0
Fighting       | 1 |  1.1
Armour         | 1 |  1.5
Dodging        | 2 |  2.1
Stealth        | 2 |  2.0
Unarmed Combat | |  0.1

Action                   |  1- 3 |  4- 6 |  7- 9 || total
-------------------------+-------+-------+-------++-------
Melee: Unarmed           |    24 |       |       ||    24
       Punch             |     1 |       |     1 ||     2
       Spear             |     5 |       |       ||     5
       Dagger            |       |     1 |     1 ||     2
       Trident           |       |    18 |    22 ||    40
 Cast: Necrotise         |    83 |   110 |     4 ||   197
       Vampiric Draining |       |     7 |    10 ||    17
  Use: Scroll            |       |     4 |       ||     4
 Stab: Sleeping          |       |       |     1 ||     1
Armor: Robe              |     6 |    17 |       ||    23
       Leather armour    |       |     9 |     9 ||    18
Dodge: Dodged            |    38 |    69 |    17 ||   124
